 Dungeon Crawl Stone Soup version 0.30.1-11-g7821555f0a (webtiles) character file.

Game seed: 788024279544611069

18417 Ijustatesigmund the Destroyer (level 12, -10/106 HPs)
             Began as a Gargoyle Earth Elementalist on Nov 17, 2023.
             Mangled by a tengu warrior
             ... wielding a +2 long sword
              (14 damage)
             ... on level 12 of the Dungeon on Nov 20, 2023.
             The game lasted 00:40:02 (18890 turns).

Ijustatesigmund the Destroyer (GrEE)               Turns: 18890, Time: 00:40:03

Health: -10/106    AC: 26    Str: 19    XL:     12   Next: 58%
Magic:  6/24       EV:  2    Int: 20    God:
Gold:   457        SH:  0    Dex: 10    Spells: 9/28 levels left

rFire   . . .        c - +2 flail (vamp)
rCold   + . .        (no shield)
rNeg    + . .        a - melded +0 swamp dragon scales
rPois   ∞            f - melded +2 helmet
rElec   .            w - melded +0 cloak
rCorr   .            (gloves currently unavailable)
SInv    .            (boots currently unavailable)
Will    .....        (no amulet)
Stlth   ++           r - +6 ring of strength
HPRegen 0.37/turn    t - ring of protection from cold
MPRegen 0.19/turn

%: no passive effects
@: tree-form
A: stationary, stasis, torment immunity, boosted hp, sickness immunity, AC +8,
negative energy resistance 1, (electricity resistance), torment resistance 1,
petrification resistance
a: no special abilities


You were on level 12 of the Dungeon.
You were a tree.
You visited 2 branches of the dungeon, and saw 14 of its levels.

You collected 853 gold pieces.
You spent 396 gold pieces at shops.

Inventory:

Hand Weapons
 c - a +2 vampiric flail (weapon)
 q - a -2 demon whip of venom
 E - a +2 flail
Missiles
 d - 5 throwing nets
Armour
 a - +0 swamp dragon scales (melded)
 f - a +2 helmet (melded)
 u - a +0 cloak
 w - a +0 cloak (melded)
 H - a +0 buckler
Jewellery
 r - a +6 ring of strength (left branch)
 t - a ring of protection from cold (right branch)
 y - a +6 ring of strength
Wands
 s - a wand of roots (6)
 G - a wand of flame (16)
Scrolls
 g - 3 scrolls of immolation
 i - 2 scrolls of teleportation
 m - a scroll of fear
 x - 4 scrolls of magic mapping
 C - 2 scrolls of torment
 D - a scroll of identify
Potions
 b - a potion of mutation
 e - a potion of attraction
 j - 3 potions of lignification
 l - 3 potions of magic
 n - a potion of resistance
 o - 2 potions of curing
 p - a potion of ambrosia
 z - 2 potions of cancellation {unknown}
 B - 2 potions of brilliance {unknown}
 F - 2 potions of degeneration {unknown}


   Skills:
 + Level 6.8 Fighting
 - Level 3.4 Maces & Flails
 - Level 4.4 Armour
 - Level 1.5 Dodging
 - Level 2.1 Stealth
 + Level 8.9 Spellcasting
 + Level 10.0 Conjurations
 + Level 7.5 Translocations
 + Level 6.2 Transmutations
 - Level 7.8 Earth Magic
 - Level 4.0 Evocations


You had 9 spell levels left.
You knew the following spells:

 Your Spells              Type           Power      Damage    Failure   Level
a - Magic Dart            Conj           100%       1d8       1%          1
b - Stone Arrow           Conj/Erth      88%        3d12      1%          3
c - Iskenderun's Mystic   Conj/Tloc      44%        2d10      1%          4
d - Irradiate             Conj/Tmut      20%        3d18      8%          5
e - Iron Shot             Conj/Erth      22%        9d5       30%         6

Your spell library contained the following spells:

 Spells                   Type           Power      Damage    Failure   Level
 Beastly Appendage        Tmut           66%        N/A       1%          1
 Sandblast                Erth           80%        2d17      1%          1
 Passwall                 Tmut/Erth      30%        N/A       1%          2
 Static Discharge         Conj/Air       58%        2-5/arc   1%          2
 Wereblood                Tmut           33%        N/A       1%          2
 Sting                    Tmut/Pois      84%        1d7       2%          1
 Dazzling Flash           Conj/Hex       58%        N/A       3%          3
 Hailstorm                Conj/Ice       29%        3d8       3%          3
 Manifold Assault         Tloc           38%        N/A       3%          4
 Portal Projectile        Hex/Tloc       46%        N/A       4%          3
 Volatile Blastmotes      Fire/Tloc      46%        2d13      4%          3
 Petrify                  Tmut/Erth      37%        N/A       4%          4
 Mephitic Cloud           Conj/Pois/Air  22%        N/A       6%          3
 Spider Form              Tmut/Pois      21%        N/A       6%          3
 Freeze                   Ice            32%        1d5       8%          1
 Call Imp                 Summ           16%        N/A       12%         2
 Animate Armour           Summ/Erth      48%        N/A       16%         4
 Leda's Liquefaction      Hex/Erth       12%        N/A       16%         4
 Blade Hands              Tmut           16%        N/A       17%         5
 Call Canine Familiar     Summ           8%         N/A       24%         3
 Frozen Ramparts          Ice            16%        1d3       24%         3
 Inner Flame              Hex/Fire       8%         N/A       24%         3
 Summon Forest            Summ/Tloc      11%        N/A       43%         5
 Dispersal                Tloc           19%        N/A       50%         6
 Yara's Violent Unravell  Hex/Tmut       10%        3d6       52%         5
 Airstrike                Air            4%         2d(1-17)  61%         4
 Anguish                  Hex/Necr       4%         N/A       61%         4
 Dispel Undead            Necr           8%         3d8       61%         4
 Summon Lightning Spire   Summ/Air       8%         N/A       61%         4
 Starburst                Conj/Fire      14%        6d6       83%         6
 Agony                    Necr           8%         N/A       91%         5
 Eringya's Noxious Bog    Tmut/Pois      10%        N/A       97%         6
 Enfeeble                 Hex            4%         N/A       100%        7
 Haunt                    Necr/Summ      4%         N/A       100%        7
 Summon Hydra             Summ           4%         N/A       100%        7
 Disjunction              Tloc           19%        N/A       100%        8


Dungeon Overview and Level Annotations

Branches:
Dungeon (13/15)            Temple (1/1) D:7            Lair (0/5) D:11
    Orc (0/2) D:9
 Vaults: D:13-14

Altars:
Ashenzari
Dithmenos
Elyvilon
Fedhas
Gozag
Hepliaklqana
Kikubaaqudgha
Makhleb
Nemelex Xobeh
Okawaru
Qazlal
Ru
Sif Muna
Trog
Uskayaw
Vehumet
Wu Jian
Xom
Yredelemnul
Zin
The Shining One

Shops:
D:2 =   D:12 :

Annotations:
D:12 Kirke


Innate Abilities, Weirdness & Mutations

You are a tree.
Your roots penetrate the ground, keeping you stationary.
You cannot be teleported.
You are immune to unholy pain and torment.
Your maximum health is greatly increased.
Your equipment is partially melded.
You are immune to sickness and miasma.
((Your stone body is resilient. (AC +8)))
You are immune to poison.
You resist negative energy. (rN+)
((You are resistant to electric shocks. (rElec)))
You are resistant to unholy torment.
You are immune to petrification.


Message History

The tengu warrior hits you with a +2 long sword.
The tengu warrior pecks you.
* * * LOW HITPOINT WARNING * * *
The tengu warrior claws you but does no damage.
The tengu warrior blocks your attack.
The tengu warrior is moderately wounded.
The tengu warrior completely misses you.
The tengu warrior pecks you but does no damage.
The tengu warrior completely misses you.
You hit the tengu warrior but do no damage.
The tengu warrior is moderately wounded.
The tengu warrior hits you with a +2 long sword!
* * * LOW HITPOINT WARNING * * *
The tengu warrior pecks you.
* * * LOW HITPOINT WARNING * * *
The tengu warrior claws you but does no damage.
The tengu warrior hits you but does no damage.
The tengu warrior pecks you but does no damage.
The tengu warrior claws you but does no damage.
The tengu warrior blocks your attack.
The tengu warrior is moderately wounded.
The tengu warrior hits you with a +2 long sword!
* * * LOW HITPOINT WARNING * * *
The tengu warrior pecks you but does no damage.
The tengu warrior claws you but does no damage.
You closely miss the tengu warrior.
The tengu warrior is moderately wounded.
The tengu warrior hits you with a +2 long sword!
* * * LOW HITPOINT WARNING * * *
The tengu warrior pecks you but does no damage.
The tengu warrior claws you but does no damage.
The tengu warrior blocks your attack.
The tengu warrior is moderately wounded.
The tengu warrior completely misses you.
The tengu warrior pecks you but does no damage.
The tengu warrior claws you but does no damage.
The tengu warrior blocks your attack.
The tengu warrior is moderately wounded.
The tengu warrior hits you with a +2 long sword!
You die...

.#####.#......###......#
.#...'.#........#......#
.#...#.#........#......#
.#...#.#........#......#
.#..(#.#........#......#
.#...#.#........#.[....####
.#...#.##'#######.........#
.#...#..........[.........#
.#...#..........♣.........#
.#...#.........Q..........#
.#####....................#
.......####..###########..#
.......# #..# #### ########
#..# ####


You could see a tengu warrior.

Vanquished Creatures
  Harold (D:9)
  A death knight (D:13)
  A centaur warrior (D:13)
  2 two-headed ogres
  2 boulder beetles (D:12)
  Urug (D:12)
  Amaemon (D:9)
  A deep elf pyromancer (D:12)
  A cyclops (D:11)
  Joseph (D:7)
  An orange demon (D:9)
  A gargoyle (D:12)
  3 unseen horrors
  Maggie (D:6)
  A komodo dragon (D:11)
  Prince Ribbit (D:5)
  A hornet (D:7)
  Sigmund (D:3)
  4 wraiths
  8 yaks (D:10)
  4 shadows
  2 vampires
  3 wyverns (D:8)
  A hog (D:11)
  7 vampire mosquitoes
  4 steam dragons
  2 wargs (D:9)
  An acid dragon (D:9)
  4 water moccasins
  3 orc warriors
  A sky beast (D:7)
  2 ice beasts
  A black bear (D:5)
  2 ogres (D:6)
  8 centaurs
  A kobold brigand (D:9)
  A bullfrog (D:8)
  2 gnoll sergeants
  3 scorpions
  10 wights
  18 killer bees
  6 howler monkeys
  A crimson imp (D:6)
  A jelly (D:4)
  3 orc priests
  2 hounds
  3 gnoll boudas
  A sleepcap (D:5)
  Jessica (D:2)
  An iguana (D:6)
  5 orc wizards
  15 gnolls
  6 adders
  A shadow imp (D:5)
  5 white imps
  An ufetubus (D:7)
  3 worms
  A dart slug (D:3)
  33 orcs
  9 bats
  10 endoplasms
  A giant cockroach (D:1)
  10 goblins
  8 hobgoblins
  10 jackals
  3 kobolds
  6 quokkas
  6 ball pythons
  6 frilled lizards
  14 rats
286 creatures vanquished.

Notes
Turn   | Place    | Note
-------+----------+-------------------------------------------
     0 | D:1      | Ijustatesigmund the Gargoyle Earth Elementalist began the
                  | quest for the Orb.
     0 | D:1      | Reached XP level 1. HP: 10/10 MP: 3/3
   107 | D:1      | Reached XP level 2. HP: 16/16 MP: 3/5
   139 | D:1      | Reached skill level 1 in Fighting
   404 | D:1      | Reached XP level 3. HP: 20/20 MP: 4/6
  1171 | D:2      | Found an opulent altar of Gozag.
  1279 | D:2      | Reached XP level 4. HP: 26/26 MP: 6/8
  1338 | D:2      | Found Otrak's Jewellery Shop.
  1349 | D:2      | Noticed Jessica
  1352 | D:2      | Killed Jessica
  1808 | D:2      | You fall into a shaft and drop 1 floor!
  2049 | D:2      | Learned a level 3 spell: Stone Arrow
  2080 | D:3      | Reached XP level 5. HP: 31/31 MP: 6/9
  2134 | D:3      | Noticed Sigmund
  2162 | D:3      | Killed Sigmund
  2163 | D:3      | Reached skill level 2 in Conjurations
  2163 | D:3      | Reached skill level 5 in Earth Magic
  2163 | D:3      | Reached XP level 6. HP: 24/36 MP: 0/11
  2769 | D:3      | Found a glowing silver altar of Zin.
  2974 | D:4      | Reached skill level 3 in Conjurations
  3146 | D:4      | Noticed an ice beast
  3180 | D:4      | Killed an ice beast
  3198 | D:4      | Reached XP level 7. HP: 40/40 MP: 1/12
  3386 | D:4      | Found a bloodstained altar of Trog.
  3390 | D:4      | Found a broken altar of Ashenzari.
  3495 | D:4      | Reached skill level 4 in Conjurations
  3606 | D:5      | Entered Level 5 of the Dungeon
  3950 | D:5      | Reached skill level 5 in Conjurations
  4057 | D:5      | Reached skill level 1 in Maces & Flails
  4075 | D:5      | Reached XP level 8. HP: 43/45 MP: 0/14
  4215 | D:5      | Noticed Prince Ribbit
  4224 | D:5      | Killed Prince Ribbit
  4225 | D:5      | Reached skill level 6 in Conjurations
  5888 | D:6      | Reached skill level 5 in Spellcasting
  6383 | D:6      | Noticed Maggie
  6386 | D:6      | Reached skill level 7 in Conjurations
  6398 | D:6      | Killed Maggie
  6399 | D:6      | Reached XP level 9. HP: 33/49 MP: 5/17
  6775 | D:6      | Reached skill level 1 in Armour
  7272 | D:6      | Learned a level 4 spell: Iskenderun's Mystic Blast
  7355 | D:6      | Reached skill level 1 in Translocations
  7731 | D:7      | Noticed a +0 dagger
  7731 | D:7      | Noticed a +0 dagger
  7752 | D:7      | Found a hide-covered altar of Uskayaw.
  7935 | D:7      | Noticed Joseph
  7951 | D:7      | Killed Joseph
  7993 | D:7      | Found a staircase to the Ecumenical Temple.
  8007 | Temple   | Entered the Ecumenical Temple
  8290 | D:7      | Identified a scroll of acquirement
  8290 | D:7      | Acquired the Annotations on Shadowy Shaping
  8300 | D:7      | Learned a level 5 spell: Irradiate
  8398 | D:7      | Reached skill level 1 in Transmutations
  9088 | D:7      | Reached XP level 10. HP: 36/54 MP: 14/19
 10508 | D:9      | Noticed a two-headed ogre
 10512 | D:9      | Killed a two-headed ogre
 10513 | D:9      | Reached skill level 5 in Translocations
 10838 | D:9      | Noticed Harold
 10854 | D:9      | Killed Harold
 10855 | D:9      | Reached skill level 8 in Conjurations
 10962 | D:9      | Identified the +5 great sword "Hag Gaij" {drain, rC+ Int+3}
 11351 | D:9      | Reached XP level 11. HP: 54/60 MP: 22/22
 12209 | D:9      | Noticed Amaemon
 12223 | D:9      | Killed Amaemon
 12473 | D:9      | Reached skill level 1 in Evocations
 12582 | D:9      | Found a staircase to the Orcish Mines.
 12720 | D:10     | Entered Level 10 of the Dungeon
 13187 | D:10     | Reached skill level 5 in Transmutations
 13333 | D:10     | Found a burning altar of Makhleb.
 13333 | D:10     | Found an iron altar of Okawaru.
 13373 | D:10     | Noticed a two-headed ogre
 13378 | D:10     | Killed a two-headed ogre
 13521 | D:10     | Reached skill level 5 in Fighting
 13592 | D:10     | Reached skill level 9 in Conjurations
 14391 | D:11     | Found a staircase to the Lair.
 14423 | D:11     | Noticed a cyclops
 14427 | D:11     | HP: 1/64 [cyclops/large rock (25)]
 14567 | D:11     | Killed a cyclops
 15221 | D:12     | Noticed a deep elf pyromancer
 15223 | D:12     | Killed a deep elf pyromancer
 15224 | D:12     | Reached XP level 12. HP: 69/69 MP: 17/24
 15652 | D:12     | Noticed Urug
 15658 | D:12     | Killed Urug
 15741 | D:12     | Noticed a boulder beetle
 15763 | D:13     | Noticed a centaur warrior
 15796 | D:13     | Killed a centaur warrior
 16085 | D:12     | Killed a boulder beetle
 16437 | D:12     | Found Jaasef's Book Boutique.
 16441 | D:12     | Bought a book of Iron for 396 gold pieces
 16444 | D:12     | Learned a level 1 spell: Magic Dart
 16451 | D:12     | Learned a level 6 spell: Iron Shot
 17314 | D:12     | Noticed a boulder beetle
 17341 | D:12     | Killed a boulder beetle
 17588 | D:12     | Noticed Kirke
 17810 | D:12     | Identified the +5 ring mail of the Okapi {Harm +Blink rCorr
                  | Int+4}
 17864 | D:13     | Noticed a death knight
 18326 | D:11     | Reached skill level 10 in Conjurations
 18466 | D:12     | Noticed a sphinx
 18722 | D:13     | Killed a death knight
 18857 | D:13     | Noticed a tengu warrior
 18859 | D:13     | Noticed a tengu warrior
 18888 | D:12     | HP: 3/106 [tengu warrior/+2 long sword (10)]
 18890 | D:12     | Mangled by a tengu warrior

Illustrated notes

Levels and vault maps discovered:
D:1:      minmay_arrival_open_corners, layout_loops_ring, serial_bayou_pond_c,
          minmay_rat_gold_closets
D:2:      layout_loops_cross, basic_altar, serial_shops,
          nicolae_shop_behind_doors, uniq_jessica
D:3:      layout_basic, zin_treasury, uniq_sigmund
D:4:      layout_rooms, nicolae_overflow_hidden_temple
D:5:      layout_loops_ring, serial_co_window_serial, co_window_paths_b,
          co_window_paths_b, co_window_corner_a, co_window_cross_1,
          co_window_paths_a, co_window_corner_ca, co_window_broadway_b,
          co_window_2corner, co_window_corner_b, co_window_corner_cb,
          co_window_unsneaky_path_a, co_window_cross_2, glass_columns_b,
          dk_noncrumbling_2, uniq_prince_ribbit1
D:6:      layout_loops_cross, hex_medium, chequers_garden,
          minmay_fire_ice_demons, uniq_maggie
D:7:      layout_gridville, dancing_weapons_uskayaw,
          minmay_temple_entry_gardened_gates, uniq_joseph
D:8:      layout_rooms
D:9:      layout_loops_ring, david_orc_1_choice, uniq_amaemon, uniq_harold
D:10:     layout_basic, gammafunk_temple_overflow_pools, minmay_misc_feat_x,
          wad_dig_loot
D:11:     layout_big_octagon, dpeg_oklobed_lair, minmay_stone_trees_large
D:12:     layout_irregular_city, serial_shops, shop,
          dreamdust_mushroom_princess, uniq_urug, uniq_kirke
D:13:     minmay_the_grid_triangle_9x9_rhombus_full_mashed
          [minmay_the_grid_triangle_9x9_corrupted_corridor,
          minmay_the_grid_triangle_9x9_empty,
          minmay_the_grid_triangle_9x9_cache,
          minmay_the_grid_triangle_9x9_minimal,
          minmay_the_grid_triangle_9x9_zippers_horizontal,
          minmay_the_grid_triangle_9x9_sparse_checkered,
          minmay_the_grid_triangle_9x9_zippers_vertical,
          minmay_the_grid_triangle_9x9_prize_top_heavy], layout_loops_cross
Temple:   minmay_temple_curvy_branch

Skill      XL: |  1  2  3  4  5  6  7  8  9 10 11 12 |
---------------+-------------------------------------+-----
Fighting       | 1 2 3 5 6 |  6.8
Earth Magic    | 4 5 6 7 |  7.8
Spellcasting   | 3 4 5 6 7 8 |  8.9
Conjurations   | 2 3 5 7 8 9 10 | 10.0
Maces & Flails | 1 3 |  3.4
Armour         | 4 |  4.4
Translocations | 3 5 6 7 |  7.5
Transmutations | 2 4 5 6 |  6.2
Evocations     | 3 4 |  4.0
Dodging        | |  1.5
Stealth        | |  2.1

Action                     |  1- 3 |  4- 6 |  7- 9 | 10-12 || total
---------------------------+-------+-------+-------+-------++-------
  Melee: Unarmed           |     7 |       |       |     4 ||    11
         Hand axe          |    21 |    91 |    14 |       ||   126
         Punch             |       |     1 |     1 |     5 ||     7
         Flail             |       |       |    64 |   433 ||   497
   Cast: Sandblast         |    55 |    41 |     5 |       ||   101
         Stone Arrow       |       |    12 |    99 |   171 ||   282
         Iskenderun's Myst |       |       |       |    13 ||    13
         Magic Dart        |       |       |       |    22 ||    22
  Evoke: Wand              |       |       |     5 |    33 ||    38
    Use: Scroll            |       |     3 |    10 |    20 ||    33
         Potion            |       |     2 |       |    10 ||    12
   Stab: Sleeping          |       |     1 |     1 |       ||     2
         Paralysed         |       |       |     6 |    25 ||    31
         Distracted        |       |       |     1 |       ||     1
 Armour: Robe              |    18 |    69 |    40 |       ||   127
         Swamp dragon scal |       |       |    19 |   498 ||   517
         Skin              |       |       |       |    15 ||    15
  Dodge: Dodged            |    33 |    74 |    68 |   445 ||   620
